 Dungeon Crawl Stone Soup version 0.21.1-1-g345015f (webtiles) character file.

84 tyranidshit the Covered (level 4, 0/35 HPs)
             Began as a Demonspawn Abyssal Knight on July 25, 2018.
             Was a Follower of Lugonu.
             Succumbed to a worker ant's poison
             ... on level 2 of the Dungeon.
             The game lasted 00:04:10 (936 turns).

tyranidshit the Covered (Demonspawn Abyssal Knight)  Turns: 936, Time: 00:04:11

Health: 0/35       AC: 13    Str: 14    XL:     4   Next: 23%
Magic:  5/5        EV:  4    Int: 13    God:    Lugonu [*.....]
Gold:   74         SH:  0    Dex: 12    Spells: 3/3 levels left

rFire    + . .     SeeInvis .   f - +2 whip (freeze)
rCold    + . .     Gourm    .   (no shield)
rNeg     . . .     Faith    .   d - +0 plate armour
rPois    +         Spirit   .   (helmet restricted)
rElec    +         Reflect  .   (no cloak)
rCorr    +         Harm     .   (no gloves)
MR       .....                  (no boots)
Stlth    ..........             (no amulet)
HPRegen  0.11/turn              (no ring)
MPRegen  0.09/turn              (no ring)

@: lethally poisoned (0 -> -4), resistant
A: antennae 1, yellow scales 1
a: Depart the Abyss, Renounce Religion


You were on level 2 of the Dungeon.
You worshipped Lugonu.
Lugonu was aware of your devotion.
You were not hungry.

You visited 1 branch of the dungeon, and saw 2 of its levels.
You visited the Abyss 1 time.

You collected 74 gold pieces.

Inventory:

Hand Weapons
 a - a +1 hand axe
 f - a +2 whip of freezing (weapon)
Armour
 b - a +0 leather armour
 d - a +0 plate armour (worn)
Scrolls
 e - 2 scrolls of noise
 i - 2 scrolls of identify
Comestibles
 c - 5 rations


   Skills:
 - Level 3.2 Fighting
 - Level 1.7 Axes
 + Level 4.0 Armour
 - Level 0.8 Dodging
 - Level 2.4 Invocations


You had 3 spell levels left.
You didn't know any spells.

Dungeon Overview and Level Annotations

Branches:
Dungeon (2/15)

Altars:
Elyvilon
Makhleb
Trog
Xom
Zin


Innate Abilities, Weirdness & Mutations

You have a pair of small antennae on your head.
You are partially covered in yellow scales. (AC +2)


Message History

You feel sick.
* * * LOW HITPOINT WARNING * * *
You feel sick.
You see here a scroll labeled INYOCONA ETHEH.
g - a scroll labeled INYOCONA ETHEH
As you read the scroll labeled INYOCONA ETHEH, it crumbles to dust.
It is a scroll of amnesia.
You feel forgetful for a moment.
* * * LOW HITPOINT WARNING * * *
You feel sick.
* * * LOW HITPOINT WARNING * * *
You feel sick.
Found a robe.
* * * LOW HITPOINT WARNING * * *
You feel sick.
A rat comes into view.
* * * LOW HITPOINT WARNING * * *
You feel sick.
Found 19 bolts.
You die...

#......# #......#
#...[..### ##########
#..r..... ..........
#......# #.........
#......# #######...
#......### ##.##
##.......# ##..#
#...@...########..###
#....................
#........###...######
#........#...###
#####......##### #
#......#.......# ##
#......#######.#####.
#......# #.....#.
#......# ## ####...


You could see a rat.

Vanquished Creatures
  A worker ant (D:2)
  3 adders (D:2)
  A dart slug (D:2)
  A giant cockroach (D:2)
  A goblin (D:1)
  6 hobgoblins
  10 kobolds
  A ball python (D:1)
  3 bats
  4 frilled lizards (D:1)
  3 rats
34 creatures vanquished.

Notes
Turn   | Place    | Note
-------+----------+-------------------------------------------
     0 | Abyss:1  | tyranidshit the Demonspawn Abyssal Knight began the quest for the Orb.
     0 | Abyss:1  | Reached XP level 1. HP: 18/18 MP: 2/2
    71 | Abyss:2  | Noticed a thrashing horror
    75 | D:1      | Escaped the Abyss
   148 | D:1      | Reached * piety under Lugonu
   153 | D:1      | Reached skill level 2 in Armour
   255 | D:1      | Gained mutation: You have a pair of small antennae on your head. [demonic ancestry]
   255 | D:1      | Reached XP level 2. HP: 16/24 MP: 3/3
   500 | D:1      | Found a glowing silver altar of Zin.
   502 | D:1      | Found a shimmering altar of Xom.
   502 | D:1      | Found a glowing silver altar of Zin.
   504 | D:1      | Found a white marble altar of Elyvilon.
   504 | D:1      | Found a burning altar of Makhleb.
   504 | D:1      | Found a bloodstained altar of Trog.
   667 | D:1      | You fall through a shaft!
   730 | D:2      | Reached skill level 3 in Armour
   730 | D:2      | Gained mutation: You are partially covered in yellow scales. (AC +2) [demonic ancestry]
   730 | D:2      | Reached XP level 3. HP: 24/29 MP: 4/4
   919 | D:2      | Reached skill level 4 in Armour
   919 | D:2      | Reached XP level 4. HP: 13/35 MP: 5/5
   934 | D:2      | HP: 1/35 [poisoned by a worker ant]
   936 | D:2      | Succumbed to a worker ant's poison

Skill      XL: |  1  2  3 |
---------------+----------+-----
Armour         | 2 3 4 |  4.0
Fighting       | |  3.2
Axes           | |  1.7
Dodging        | |  0.8
Invocations    | |  2.4

Action                   |  1- 3 |  4- 6 || total
-------------------------+-------+-------++-------
Melee: Hand axe          |    88 |       ||    88
       Whip              |    13 |       ||    13
Invok: Depart the Abyss  |     1 |       ||     1
  Use: Scroll            |     4 |     2 ||     6
       Potion            |     3 |     1 ||     4
 Stab: Invisible         |     1 |       ||     1
Armor: Plate armour      |   118 |       ||   118
       Leather armour    |     2 |       ||     2
Dodge: Dodged            |    28 |       ||    28
